 Dungeon Crawl Stone Soup version 0.20.1-1-g8b1a95d (webtiles) character file.

58 dohliylev the Vexing (level 3, -2/24 HPs)
             Began as a Vampire Enchanter on Dec 7, 2017.
             Slain by Crazy Yiuf
             ... wielding a +2 quarterstaff of chaos
              (9 damage)
             ... on level 2 of the Dungeon.
             The game lasted 00:03:54 (1938 turns).

dohliylev the Vexing (Vampire Enchanter)            Turns: 1938, Time: 00:03:55

Health: -2/24      AC:  2    Str:  7    XL:     3   Next: 75%
Magic:  4/6        EV: 13    Int: 17    God:
Gold:   106        SH:  0    Dex: 15    Spells: 1/7 levels left

rFire    . . .     SeeInvis +   a - +1 dagger
rCold    . . .     Gourm    .   (no shield)
rNeg     + . .     Faith    .   b - +0 robe
rPois    .         Spirit   .   (no helmet)
rElec    .         Reflect  .   (no cloak)
rCorr    .         Harm     .   (no gloves)
MR       .....                  (no boots)
Stlth    +++.......             (no amulet)
Regen    0.1/turn               (no ring)
MPRegen  0.1/turn               (no ring)

@: no status effects
A: fangs 3, see invisible, unbreathing
a: Bat Form


You were on level 2 of the Dungeon.
You were not thirsty.

You visited 1 branch of the dungeon, and saw 2 of its levels.

You collected 106 gold pieces.

Inventory:

Hand Weapons
 a - a +1 dagger (weapon)
Armour
 b - a +0 robe (worn)
Scrolls
 e - 2 scrolls of teleportation {unknown}
 f - a scroll of identify {unknown}
Potions
 d - 6 potions of blood
Books
 c - a book of Maledictions

   Spells                             Type                      Level
   a - Corona                         Hexes                        1
   b - Ensorcelled Hibernation        Hexes/Ice                    2
   c - Confuse                        Hexes                        3
   d - Tukima's Dance                 Hexes                        3
   e - Dazzling Spray                 Conjuration/Hexes            3


   Skills:
 + Level 0.1 Fighting
 + Level 1.2 Short Blades
 + Level 2.4 Dodging
 + Level 4.7 Stealth
 + Level 2.6 Spellcasting
 * Level 5.6 Hexes
 + Level 0.4 Ice Magic


You had one spell level left.
You knew the following spells:

 Your Spells              Type           Power        Failure   Level  Hunger
a - Corona                Hex            ###....      1%          1    #......
b - Ensorcelled Hibernat  Hex/Ice        ##....       8%          2    ##.....
c - Confuse               Hex            ###.....     5%          3    ###....


Dungeon Overview and Level Annotations

Branches:
Dungeon (2/15)

Altars:

Annotations:
D:2 Crazy Yiuf


Innate Abilities, Weirdness & Mutations

You have razor-sharp teeth.
You have supernaturally acute eyesight. (SInv)
You can survive without breathing.


Message History

This blood tastes delicious!
You feel a lot less thirsty.
You start resting.
HP restored.
You see here a short sword.
You open the door.
Crazy Yiuf the Enlightened comes into view.
He is wielding a quarterstaff of chaos.
Found a mace.
There is an open door here.
Crazy Yiuf shouts!
Crazy Yiuf hits you with a quarterstaff of chaos!
You convulse!
* * * LOW HITPOINT WARNING * * *
Casting: Ensorcelled Hibernation
Confirm with . or Enter, or press ? or * to list all spells.
Aiming: Ensorcelled Hibernation
Press: ? - help, Shift-Dir - straight line, f - Crazy Yiuf
Aim: Crazy Yiuf, wielding a quarterstaff of chaos and wearing a runed cloak (chance to defeat MR: 51%) Crazy Yiuf resists with almost no effort.
Crazy Yiuf hits you with a quarterstaff of chaos!
You die...

♣♣♣♣♣###
#####♣♣♣.♣....##
#...#♣..♣......##
#.g@'.♣♣♣♣......#
#)..#♣♣ ♣♣.....#
##### ♣♣##..# #.##
#.# ...##########
##.#
............######).#
..........#.#......##
....<.....#...###.##


You could see Crazy Yiuf.

Vanquished Creatures
  3 adders (D:2)
  3 worms (D:2)
  A leopard gecko (D:2)
  2 goblins
  2 hobgoblins (D:1)
  A jackal (D:1)
  4 bats
  3 frilled lizards (D:1)
  2 kobolds
  3 rats
24 creatures vanquished.

Notes
Turn   | Place    | Note
-------+----------+-------------------------------------------
     0 | D:1      | dohliylev the Vampire Enchanter began the quest for the Orb.
     0 | D:1      | Reached XP level 1. HP: 13/13 MP: 3/3
   703 | D:1      | Reached XP level 2. HP: 16/19 MP: 3/5
   707 | D:1      | Learned a level 2 spell: Ensorcelled Hibernation
  1137 | D:2      | Reached skill level 5 in Hexes
  1278 | D:2      | Reached XP level 3. HP: 2/24 MP: 1/6
  1687 | D:2      | Learned a level 3 spell: Confuse
  1732 | D:2      | Found a runed door.
  1933 | D:2      | Noticed Crazy Yiuf
  1938 | D:2      | Slain by Crazy Yiuf

Skill      XL: |  1  2 |
---------------+-------+-----
Hexes          | 5 |  5.6
Fighting       | |  0.1
Short Blades   | |  1.2
Dodging        | |  2.4
Stealth        | |  4.7
Spellcasting   | |  2.6
Ice Magic      | |  0.4

Action                   || total
-------------------------++-------
Melee: Dagger            ||    81
       Bite              ||     6
 Cast: Corona            ||    17
       Ensorcelled Hiber ||    14
 Stab: Sleeping          ||     9
  Eat: Corpse            ||     5
Armor: Robe              ||    18
Dodge: Dodged            ||    59
